 Dungeon Crawl Stone Soup version 0.31.0-11-ge490571c62 (webtiles) character file.

Game seed: 893070239366951937

63 qw the Shooter (level 3, -3/20 HPs)
             Began as a Deep Elf Hunter on Feb 3, 2024.
             Slain by Sigmund
             ... wielding a +3 vampiric scythe
              (11 damage)
             ... on level 2 of the Dungeon.
             The game lasted 00:00:03 (902 turns).

qw the Shooter (Deep Elf Hunter)                     Turns: 902, Time: 00:00:04

Health: -3/20      AC:  6    Str: 10    XL:     3   Next: 89%
Magic:  5/5        EV: 12    Int: 13    God:
Gold:   35         SH:  0    Dex: 18    Spells: 2/2 levels left

rFire   . . .        a - +0 shortbow
rCold   . . .        (shield currently unavailable)
rNeg    + . .        c - +0 leather armour
rPois   .            (no helmet)
rElec   .            (no cloak)
rCorr   +            (no gloves)
SInv    .            d - +2 pair of boots "Imuotsye" {^Contam rN+ rCorr}
Will    .....        (no amulet)
Stlth   ++           (no ring)
HPRegen 0.23/turn    (no ring)
MPRegen 0.09/turn

%: no passive effects
@: no status effects
A: no striking features
a: no special abilities


You were on level 2 of the Dungeon.
You visited 1 branch of the dungeon, and saw 2 of its levels.

You collected 35 gold pieces.


   Skills:
 - Level 1.5 Fighting
 + Level 7.3 Ranged Weapons
 - Level 2.4 Dodging
 - Level 1.2 Stealth


You had 2 spell levels left.
You didn't know any spells.
Your spell library was empty.

Inventory:

Hand Weapons
 a - a +0 shortbow (weapon)
Armour
 c - a +0 leather armour (worn)
 d - the +2 pair of boots "Imuotsye" (worn) {^Contam rN+ rCorr}
   (You acquired it on level 1 of the Dungeon)

   rN+:       It protects you from negative energy.
   ^Contam:   It causes magical contamination when unequipped.
   rCorr:     It protects you from acid and corrosion.
Scrolls
 b - a scroll of teleportation {unknown}
 f - a scroll of identify
 g - a scroll of enchant weapon {unknown}
 i - a scroll of immolation {unknown}
Potions
 e - a potion of mutation
 j - a potion of attraction {unknown}
 k - a potion of enlightenment {unknown}

Dungeon Overview and Level Annotations

Branches:
Dungeon (2/15)

Altars:

Shops:
D:1 (*(?=

Annotations:
D:2 Sigmund


Message History

Sigmund casts a spell at you. The puff of flame misses you.
You shoot an arrow. The arrow completely misses Sigmund.
Sigmund points at you and mumbles some strange words.
You are confused.
890 ||| DRINKING potion of curing.
You feel better.
890 ||| (to cure confusion)
You shoot an arrow. The arrow barely misses Sigmund.
Sigmund barely misses you.
You shoot an arrow. The arrow hits Sigmund.
Sigmund is moderately wounded.
You shoot an arrow. The arrow closely misses Sigmund.
Sigmund hits you from afar with a +3 vampiric scythe.
You shoot an arrow. The arrow closely misses Sigmund.
Sigmund closely misses you.
You shoot an arrow. The arrow closely misses Sigmund.
Sigmund casts a spell at you. The magic dart hits you.
You shoot an arrow. The arrow completely misses Sigmund.
Sigmund casts a spell at you. You resist with some effort.
You shoot an arrow. The arrow barely misses Sigmund.
Sigmund closely misses you.
You shoot an arrow. The arrow hits Sigmund.
Sigmund is moderately wounded.
You shoot an arrow. The arrow hits Sigmund!
Sigmund is heavily wounded.
Sigmund barely misses you.
You shoot an arrow. The arrow completely misses Sigmund.
Sigmund casts a spell at you. The magic dart hits you.
You shoot an arrow. The arrow hits Sigmund.
Sigmund is severely wounded.
Sigmund casts a spell.
Sigmund flickers and vanishes!
Deactivating autopickup; reactivate with Ctrl-A.
You shoot an arrow. Something hits you!
Ouch! That really hurt!
You die...

### #.# #.# #.# ##########.##.#
### ...........##.# . #.##
#........##.#.... #...
#.##..###@.{..... #.##
#..:...#.###########.##
###.#####..............#
#.......................
#.#.#####............#.#
########.#.##...##.####...#.#.#
................).># #.....#.#
########........##.####.......#
####.....##...........##


There were no monsters in sight!

Vanquished Creatures
  Jessica (D:2)
  A dart slug (D:2)
  4 endoplasms
  4 giant cockroaches (D:1)
  2 goblins (D:2)
  3 hobgoblins (D:1)
  3 kobolds (D:1)
  3 quokkas (D:1)
  4 ball pythons
  2 bats (D:1)
  3 frilled lizards
  4 rats (D:1)
34 creatures vanquished.

Notes
Turn   | Place    | Note
-------+----------+-------------------------------------------
     0 | D:1      | qw the Deep Elf Hunter began the quest for the Orb.
     0 | D:1      | Reached XP level 1. HP: 12/12 MP: 3/3
     0 | D:1      | 0 ||| qw: Version: 0.3-a-157-g843a77d
     0 | D:1      | 0 ||| qw: Game counter: 3837
     0 | D:1      | 0 ||| qw: Melee chars always use a shield: true
     0 | D:1      | 0 ||| qw: God list: Okawaru
     0 | D:1      | 0 ||| qw: Allow faded altars: false
     0 | D:1      | 0 ||| qw: Do Orc after clearing Dungeon:15 true
     0 | D:1      | 0 ||| qw: Do second Lair branch before Depths: true
     0 | D:1      | 0 ||| qw: Lair rune preference: random
     0 | D:1      | 0 ||| qw: Goals: Normal
     0 | D:1      | 0 ||| PLANNING D:1-11
    26 | D:1      | Found Zugodot's Jewellery Shoppe.
    43 | D:1      | 43 ||| SHOPLISTING +5 ring of evasion (432 gold, have 0).
    43 | D:1      | 43 ||| SHOPLISTING amulet of guardian spirit (360 gold,
                  | have 0).
    43 | D:1      | 43 ||| SHOPLISTING amulet of reflection (360 gold, have 0).
    43 | D:1      | 43 ||| SHOPLISTING amulet of the acrobat (360 gold, have
                  | 0).
    43 | D:1      | 43 ||| SHOPLISTING ring of fire (300 gold, have 0).
    43 | D:1      | 43 ||| SHOPLISTING ring of protection from fire (300 gold,
                  | have 0).
    68 | D:1      | Found Qomoqein's Magic Scroll Boutique.
    74 | D:1      | 74 ||| SHOPLISTING scroll of brand weapon (104 gold, have
                  | 0).
    74 | D:1      | 74 ||| SHOPLISTING scroll of enchant weapon (82 gold, have
                  | 0).
    74 | D:1      | 74 ||| SHOPLISTING scroll of identify (22 gold, have 0).
   102 | D:1      | Found a faded altar of an unknown god.
   227 | D:1      | Found Souzorut's Assorted Antiques.
   235 | D:1      | 235 ||| SHOPLISTING long glass wand (100 gold, have 0).
   235 | D:1      | 235 ||| SHOPLISTING pair of glowing boots (187 gold, have
                  | 0).
   235 | D:1      | 235 ||| SHOPLISTING ring mail (100 gold, have 0).
   235 | D:1      | 235 ||| SHOPLISTING scroll labelled AGAIG CEZAGOIT (25
                  | gold, have 0).
   235 | D:1      | 235 ||| SHOPLISTING scroll labelled ATOEXA IROTE (25 gold,
                  | have 0).
   235 | D:1      | 235 ||| SHOPLISTING scroll labelled GIES YTEIJOEMAP (25
                  | gold, have 0).
   235 | D:1      | 235 ||| SHOPLISTING scroll labelled YTEPUGU XIURPH (25
                  | gold, have 0).
   252 | D:1      | Found Sutocul's Antique Weapon Shoppe.
   293 | D:1      | Reached skill level 6 in Ranged Weapons
   293 | D:1      | Reached XP level 2. HP: 16/16 MP: 4/4
   558 | D:1      | Found Hubos's Weapon Emporium.
   640 | D:1      | 640 ||| READING scroll labelled OXUSSU FERUJASCH.
   640 | D:1      | Identified a scroll of acquirement
   640 | D:1      | 640 ||| ACQUIRING +2 pair of boots "Imuotsye" {^Contam rN+
                  | rCorr}
   640 | D:1      | Acquired the +2 pair of boots "Imuotsye" {^Contam rN+
                  | rCorr}
   642 | D:1      | 642 ||| UPGRADING to +2 pair of boots "Imuotsye" {^Contam
                  | rN+ rCorr}.
   647 | D:1      | 647 ||| READING 2 scrolls labelled ATOEXA IROTE.
   647 | D:1      | 647 ||| IDENTIFYING metallic white potion
   648 | D:1      | 648 ||| READING scroll of identify.
   648 | D:1      | 648 ||| IDENTIFYING yellow potion
   649 | D:1      | 649 ||| READING scroll labelled JEPIGH GUIZA.
   650 | D:1      | 650 ||| DROPPING scroll of butterflies.
   673 | D:2      | Reached XP level 3. HP: 20/20 MP: 5/5
   754 | D:2      | Noticed Jessica
   760 | D:2      | Killed Jessica
   761 | D:2      | Reached skill level 7 in Ranged Weapons
   884 | D:2      | Noticed Sigmund
   885 | D:2      | 885 ||| DRINKING 2 potions of curing.
   885 | D:2      | 885 ||| (to cure confusion)
   890 | D:2      | 890 ||| DRINKING potion of curing.
   890 | D:2      | 890 ||| (to cure confusion)
   902 | D:2      | Slain by Sigmund

Levels and vault maps discovered:
D:1:      saegor_arrival_simple_b, layout_loops_ring, serial_shops, shop, shop,
          nicolae_shop_stone, shop, shop,
          shapermc_ecumenical_altar_mp_ritualfount, wad_floor_pattern_2
D:2:      layout_basic, basic_altar, kennysheep_generic_room_9, uniq_jessica,
          uniq_sigmund

Skill      XL: |  1  2  3 |
---------------+----------+-----
Ranged Weapons | 6 7 |  7.3
Fighting       | |  1.5
Dodging        | |  2.4
Stealth        | |  1.2

Action                     || total
---------------------------++-------
   Fire: Shortbow          ||    95
    Use: Scroll            ||     4
         Potion            ||     2
 Armour: Leather armour    ||    12
  Dodge: Dodged            ||    10

Table legend:
 A = Non-vault XP
 B = Vault XP
 C = Vault XP percentage of total XP
 D = Non-vault monster count
 E = Vault monster count
 F = Vault count percentage of total count
                 A         B        C        D         E       F
            +---------+---------+-------+---------+---------+-------
      Total |      54 |      37 |  40.7 |      33 |       1 |   2.9
            +---------+---------+-------+---------+---------+-------
        D:1 |      40 |       0 |   0.0 |      26 |       0 |   0.0
        D:2 |      14 |      37 |  72.5 |       7 |       1 |  12.5
            +---------+---------+-------+---------+---------+-------
